 Dungeon Crawl Stone Soup version 0.23.2-40-g277498a (webtiles) character file.

Game seed: 15064701794797478958

741 sammy142014 the Chopper (level 7, 0/61 HPs)
             Began as a Minotaur Fighter on Sept 23, 2019.
             Slain by an orc
             ... wielding a +3 whip of flaming
              (1 damage)
             ... on level 8 of the Dungeon on Sept 24, 2019.
             The game lasted 00:10:41 (1233 turns).

sammy142014 the Chopper (Minotaur Fighter)          Turns: 1233, Time: 00:10:42

Health: 0/61       AC:  7    Str: 22    XL:     7   Next: 47%
Magic:  6/6        EV:  8    Int:  5    God:
Gold:   62         SH: 10    Dex: 10    Spells: 6/6 levels left

rFire    . . .     SeeInvis .   a - +0 war axe
rCold    . . .     Gourm    .   c - +0 shield
rNeg     . . .     Faith    +   b - +0 scale mail
rPois    .         Spirit   .   (helmet restricted)
rElec    .         Reflect  .   (no cloak)
rCorr    .         Harm     .   (no gloves)
MR       .....                  (no boots)
Stlth    ..........             h - amulet of faith
HPRegen  0.20/turn              (no ring)
MPRegen  0.10/turn              (no ring)

@: no status effects
A: retaliatory headbutt, horns 2
a: no special abilities


You were on level 8 of the Dungeon.
You were very hungry.

You visited 1 branch of the dungeon, and saw 8 of its levels.

You collected 62 gold pieces.

Inventory:

Hand Weapons
 a - a +0 war axe (weapon)
 e - a +0 short sword
 l - a +0 club
 m - a +0 dagger
 n - a +0 hand axe
Armour
 b - a +0 scale mail (worn)
 c - a +0 shield (worn)
Jewellery
 h - an amulet of faith (around neck)
Scrolls
 g - a scroll of identify {unknown}
 i - a scroll of remove curse {unknown}
 j - a scroll of enchant armour {unknown}
 k - a scroll of fog {unknown}
Potions
 d - a potion of might
Comestibles
 f - 5 rations


   Skills:
 + Level 5.3 Fighting
 + Level 6.4 Axes
 + Level 5.3 Armour
 + Level 2.1 Dodging
 + Level 1.2 Stealth
 + Level 5.6 Shields


You had 6 spell levels left.
You didn't know any spells.
Your spell library was empty.

Dungeon Overview and Level Annotations

Branches:
Dungeon (8/15)
 Temple: D:4-7         Lair: D:8-11

Altars:
Dithmenos

Annotations:
D:5 1 runed translucent door, Crazy Yiuf


Innate Abilities, Weirdness & Mutations

You reflexively headbutt those who attack you in melee.
You have a pair of horns on your head.


Message History

The howler monkey zombie is lightly damaged.
The howler monkey zombie hits you but does no damage.
You slash the howler monkey zombie!
The howler monkey zombie is severely damaged.
You block the howler monkey zombie's attack.
You hit the howler monkey zombie. You headbutt the howler monkey zombie.
The howler monkey zombie is almost destroyed.
You block the howler monkey zombie's attack.
The howler monkey zombie hits you.
* * * LOW HITPOINT WARNING * * *
You hit the howler monkey zombie.
You destroy the howler monkey zombie!
Found a puce potion.
An orc comes into view. It is wielding a +3 whip of flaming.
The orc shouts!
The orc moves out of view.
The orc hits you with a +3 whip of flaming.
* * * LOW HITPOINT WARNING * * *
The orc burns you.
You die...

#.#..........
#.#.....$.#
..#.........
#...........
#)#........
#....#......
#.#.........
##.####.###. #.#
......... #.# .. #.#
.........##.#######
#.####### #.........#
...............#.####.#
#.#######......#@# #.#
......o.# #.# .......>.
#.# ......#### #.#
...!.. ..# ......
..########+#+#
......... .........


You could see an orc.

Vanquished Creatures
  An ice beast (D:7)
  2 ogres (D:8)
  A centaur (D:8)
  A scorpion (D:6)
  3 crimson imps
  An orc priest (D:5)
  5 worker ants
  A howler monkey zombie (D:8)
  4 adders
  A shadow imp (D:6)
  2 oozes (D:2)
  An adder skeleton (D:8)
  A worm (D:2)
  2 leopard geckos
  8 orcs
  3 ball pythons (D:3)
  2 goblins (D:2)
  4 hobgoblins
  A quokka (D:5)
  2 bats
  A giant cockroach zombie (D:5)
  A kobold (D:2)
  A quokka skeleton (D:7)
  3 rats (D:2)
52 creatures vanquished.

Notes
Turn   | Place    | Note
-------+----------+-------------------------------------------
     0 | D:1      | sammy142014 the Minotaur Fighter began the quest for the
                  | Orb.
     0 | D:1      | Reached XP level 1. HP: 19/19 MP: 0/0
     9 | D:1      | You fall through a shaft!
    46 | D:2      | Reached XP level 2. HP: 27/27 MP: 1/1
   113 | D:2      | Reached skill level 3 in Axes
   129 | D:2      | Reached XP level 3. HP: 15/33 MP: 2/2
   255 | D:3      | Reached XP level 4. HP: 11/40 MP: 3/3
   292 | D:3      | Found a shadowy altar of Dithmenos.
   405 | D:4      | Reached skill level 1 in Dodging
   445 | D:4      | Reached skill level 4 in Axes
   445 | D:4      | Reached XP level 5. HP: 34/47 MP: 4/4
   524 | D:5      | Entered Level 5 of the Dungeon
   537 | D:5      | Reached skill level 1 in Stealth
   622 | D:5      | Found a runed translucent door.
   623 | D:5      | Noticed Crazy Yiuf
   748 | D:6      | Reached XP level 6. HP: 55/55 MP: 5/5
   983 | D:7      | Noticed an ice beast
  1005 | D:7      | Killed an ice beast
  1005 | D:7      | Reached skill level 5 in Fighting
  1005 | D:7      | Reached skill level 5 in Axes
  1005 | D:7      | Reached skill level 5 in Armour
  1043 | D:7      | Reached skill level 5 in Shields
  1104 | D:8      | Reached XP level 7. HP: 24/61 MP: 6/6
  1208 | D:8      | Reached skill level 6 in Axes
  1227 | D:8      | HP: 1/61 [howler monkey zombie (5)]
  1233 | D:8      | HP: 1/61 [orc/+3 whip of flaming (2)]
  1233 | D:8      | Slain by an orc

Skill      XL: |  1  2  3  4  5  6  7 |
---------------+----------------------+-----
Fighting       | 4 5 |  5.3
Axes           | 3 4 5 6 |  6.4
Armour         | 4 5 |  5.3
Shields        | 4 5 |  5.6
Dodging        | 1 2 |  2.1
Stealth        | 1 |  1.2

Action                   |  1- 3 |  4- 6 |  7- 9 || total
-------------------------+-------+-------+-------++-------
Melee: War axe           |    46 |    65 |    19 ||   130
       Headbutt          |    10 |    11 |     6 ||    27
  Use: Potion            |       |     2 |       ||     2
Armor: Scale mail        |    31 |    16 |     6 ||    53
Dodge: Dodged            |    16 |    19 |     9 ||    44
Block: Shield            |    31 |    50 |    12 ||    93
